 Dungeon Crawl Stone Soup version 0.26.1-10-gdfb7c7de75 (webtiles) character file.

Game seed: 4501503578318226268

195 raph the Grave Robber (level 5, -10/42 HPs)
             Began as a Deep Dwarf Necromancer on Apr 3, 2021.
             Mangled by an ice beast (11 damage)
             ... on level 5 of the Dungeon.
             The game lasted 00:09:38 (4666 turns).

raph the Grave Robber (Deep Dwarf Necromancer)      Turns: 4666, Time: 00:09:39

Health: -10/42     AC:  3    Str: 12    XL:     5   Next: 45%
Magic:  2/8        EV: 13    Int: 16    God:
Gold:   109        SH:  0    Dex: 13    Spells: 0/9 levels left

rFire    . . .     SeeInvis .   a - +0 hunting sling
rCold    . . .     Faith    .   (no shield)
rNeg     . . .     Spirit   .   d - +0 robe
rPois    .         Reflect  .   (no helmet)
rElec    .         Harm     .   (no cloak)
rCorr    .         Rampage  .   (no gloves)
Will     +....                  k - +0 pair of boots
Stlth    ++........             (no amulet)
HPRegen  0.00/turn              p - ring of willpower
MPRegen  0.11/turn              (no ring)

@: non-regenerating
A: damage resistance, heal wounds, sense surroundings 1, no regeneration
a: Heal Wounds


You were on level 5 of the Dungeon.
You visited 1 branch of the dungeon, and saw 5 of its levels.

You collected 109 gold pieces.

Inventory:

Hand Weapons
 a - a +0 hunting sling (weapon)
 b - a +0 mace
Missiles
 o - 45 sling bullets (quivered ammo)
Armour
 d - a +0 robe (worn)
 k - a +0 pair of boots (worn)
Jewellery
 p - a ring of willpower (left hand)
Scrolls
 g - 2 scrolls of immolation
 i - 6 scrolls of remove curse
Potions
 e - 3 potions of curing
 h - a potion of heal wounds
 l - a potion of mutation
 n - a potion of ambrosia {unknown}
 r - a potion of berserk rage {unknown}


   Skills:
 + Level 3.4 Dodging
 + Level 4.0 Stealth
 + Level 2.6 Spellcasting
 * Level 5.7 Necromancy


You couldn't memorise any spells.
You knew the following spells:

 Your Spells              Type           Power        Failure   Level
a - Pain                  Necr           80%          1%          1
b - Animate Skeleton      Necr           40%          1%          1
c - Vampiric Draining     Necr           10%          5%          3
d - Animate Dead          Necr           10%          19%         4

Your spell library contained the following spells:

 Spells                   Type           Power        Failure   Level
 Agony                    Necr           20%          45%         5


Dungeon Overview and Level Annotations

Branches:
Dungeon (5/15)
 Temple: D:4-7

Altars:
Cheibriados
Ru
Wu Jian
Xom
The Shining One

Annotations:
D:4 Edmund, Menkaure


Innate Abilities, Weirdness & Mutations

You are resistant to damage.
You can heal yourself by infusing magical energy.
You passively map a small area around you.
You do not regenerate.


Message History

The sling bullet misses the leopard gecko.
The sling bullet hits the centaur.
The centaur is lightly wounded.
The leopard gecko bites you. x2
You shoot a sling bullet.
The sling bullet hits the leopard gecko!
You kill the leopard gecko!
The centaur shoots an arrow.
The arrow hits you but does no damage.
You shoot a sling bullet.
The sling bullet barely misses the ice beast.
The sling bullet hits the centaur!
The centaur is heavily wounded.
The ice beast hits you. The ice beast freezes you!
* * * LOW HITPOINT WARNING * * *
The centaur shoots an arrow.
The arrow closely misses you.
The centaur shoots an arrow.
The arrow closely misses you.
The centaur shoots an arrow.
The arrow hits you!
* * * LOW HITPOINT WARNING * * *
The ice beast hits you. The ice beast freezes you!
You die...

, , .. , , , ,
,...,, , #... *
, , *
#...##+#### , ,
.........#######
*
.........c((..(#
*
####....##....#
, ##....##....#
#(@Y........# ,
,#.........†(# *
* *##...###...<#
, * #...# #....#
, #..........# ,
* #..........# *
#.####<....# *
#.. #.....# ,
*#.....#


You could see an ice beast and a centaur.

Vanquished Creatures
  A howler monkey (D:5)
  A worker ant (D:4)
  A gnoll (D:1)
  3 adders (D:3)
  2 worms
  3 leopard geckos
  3 orcs
  2 ball pythons
  5 bats
  3 giant cockroaches
  10 goblins
  10 hobgoblins
  7 jackals
  7 kobolds
  2 quokkas
  5 frilled lizards
  5 rats
70 creatures vanquished.

Vanquished Creatures (collateral kills)
  A gnoll (D:1)
1 creature vanquished.

Vanquished Creatures (others)
  A fungus (D:4)
1 creature vanquished.

Grand Total: 72 creatures vanquished

Notes
Turn   | Place    | Note
-------+----------+-------------------------------------------
     0 | D:1      | raph the Deep Dwarf Necromancer began the quest for the
                  | Orb.
     0 | D:1      | Reached XP level 1. HP: 15/15 MP: 3/3
     2 | D:1      | Learned a level 1 spell: Animate Skeleton
   256 | D:1      | Reached XP level 2. HP: 22/22 MP: 0/4
   638 | D:1      | Reached XP level 3. HP: 17/28 MP: 4/6
   664 | D:1      | Learned a level 3 spell: Vampiric Draining
  1117 | D:2      | Found a shimmering altar of Xom.
  1388 | D:2      | Reached skill level 5 in Necromancy
  2363 | D:3      | Reached XP level 4. HP: 36/36 MP: 2/7
  2895 | D:3      | Noticed a phantom
  3273 | D:3      | Found a snail-covered altar of Cheibriados.
  3277 | D:3      | Found a sacrificial altar of Ru.
  3284 | D:3      | Found a glowing golden altar of the Shining One.
  3335 | D:3      | Reached XP level 5. HP: 29/42 MP: 0/8
  4355 | D:4      | Learned a level 4 spell: Animate Dead
  4550 | D:4      | Noticed a phantom
  4573 | D:4      | Noticed Menkaure
  4602 | D:4      | Found an ornate altar of the Wu Jian Council.
  4604 | D:4      | Noticed Edmund
  4649 | D:5      | Entered Level 5 of the Dungeon
  4649 | D:5      | Noticed an ice beast
  4649 | D:5      | Noticed a centaur
  4666 | D:5      | HP: 1/42 [centaur/arrow (8)]
  4666 | D:5      | Mangled by an ice beast

Illustrated notes

Levels and vault maps discovered:
D:1:      amcnicky_arrival_wind_blow, layout_rooms, serial_rivers,
          chequers_serial_rivers_small_a, chequers_serial_rivers_micro_b,
          chequers_serial_rivers_micro_e, chequers_serial_rivers_room_a,
          chequers_serial_rivers_micro_c, chequers_serial_rivers_micro_e,
          minmay_misc_feat_square
D:2:      layout_loops_ring, nicolae_overflow_hidden_temple
D:3:      cheibrodos_helix_gallery, layout_basic,
          grunt_temple_overflow_magic_moments, minmay_overflow_temple_star_quad,
          grunt_qazlal_clouds
D:4:      minmay_thinvault, layout_gridville, nzn_wu_jian_contemplation,
          uniq_crazy_yiuf_cottage, uniq_menkaure, uniq_edmund
D:5:      layout_gridville

Skill      XL: |  1  2  3  4  5 |
---------------+----------------+-----
Spellcasting   | 2 |  2.6
Stealth        | 3 4 |  4.0
Necromancy     | 5 |  5.7
Dodging        | 3 |  3.4

Action                   |  1- 3 |  4- 6 || total
-------------------------+-------+-------++-------
Melee: Mace              |     1 |       ||     1
 Fire: Hunting sling     |       |    22 ||    22
 Cast: Pain              |    64 |    37 ||   101
       Animate Skeleton  |    12 |     7 ||    19
       Vampiric Draining |     6 |    20 ||    26
  Use: Scroll            |     4 |     8 ||    12
Armor: Robe              |     2 |    16 ||    18
Dodge: Dodged            |    15 |    48 ||    63
